 Dungeon Crawl Stone Soup version 0.20.0-15-g7f486f2 (webtiles) character file.

22452 NoAnimeNoLife the Stickfighter (level 12, -1/101 HPs)
             Began as a Minotaur Gladiator on June 17, 2017.
             Was the Champion of Okawaru.
             Slain by Snorg (13 damage)
             ... on level 11 of the Dungeon.
             The game lasted 00:27:17 (14135 turns).

NoAnimeNoLife the Stickfighter (MiGl)              Turns: 14135, Time: 00:27:19

Health: -1/101     AC: 12    Str: 19    XL:     12   Next: 63%
Magic:  14/14      EV: 12    Int:  5    God:    Okawaru [******]
Gold:   730        SH:  3    Dex: 17    Spells: 11/11 levels left

rFire    . . .     SeeInvis +   G - +4 quarterstaff (chaos)
rCold    + . .     Gourm    .   (shield currently unavailable)
rNeg     . . .     Faith    .   y - +2 chain mail {rC+}
rPois    +         Spirit   .   b - +1 hat
rElec    .         Reflect  +   (no cloak)
rCorr    .         Harm     .   (no gloves)
MR       +....                  K - +1 pair of boots {Stlth+}
Stlth    ..........             D - +3 amulet of reflection
Regen    0.3/turn               x - ring of protection from magic
MPRegen  0.2/turn               p - ring of poison resistance

@: no status effects
A: retaliatory headbutt, horns 2, see invisible, deformed body, low mp 1
a: Heroism, Finesse, Renounce Religion


You were on level 11 of the Dungeon.
You worshipped Okawaru.
Okawaru was exalted by your worship.
You were hungry.

You visited 2 branches of the dungeon, and saw 12 of its levels.
You also visited: Sewer.

You collected 730 gold pieces.

Inventory:

Hand Weapons
 a - a +0 quarterstaff
 G - a +4 quarterstaff of chaos (weapon)
 M - a +2 antimagic halberd
Missiles
 d - 3 throwing nets (quivered)
Armour
 b - a +1 hat (worn)
 c - a +1 hat
 n - the +1 robe "Huenn" {rElec}
   (You found it on level 9 of the Dungeon)

   It insulates you from electricity.
 y - a +2 chain mail of cold resistance (worn)
 K - a +1 pair of boots of stealth (worn)
Jewellery
 p - a ring of poison resistance (right hand)
 u - an uncursed ring of flight
 x - a ring of protection from magic (left hand)
 B - an uncursed amulet of the gourmand
 D - a +3 amulet of reflection (around neck)
 F - an uncursed ring of protection from fire
Wands
 e - a wand of paralysis (12/24)
 i - a wand of iceblast (9/15)
 j - a wand of polymorph (4/24)
 q - a wand of lightning (0/15)
 s - a wand of polymorph (14/24)
 w - a wand of scattershot (0/9)
Scrolls
 g - 2 scrolls of fog
 k - 4 scrolls of enchant armour
 m - 3 scrolls of teleportation
 t - 3 scrolls of amnesia
 E - a scroll of random uselessness
 H - 2 scrolls of remove curse
 I - a scroll of fear
Potions
 h - a potion of resistance
 v - 3 potions of flight
 z - 6 potions of curing
 A - a potion of magic
 J - a potion of berserk rage {unknown}
 L - a potion of might
 N - a potion of brilliance
Books
 l - a Young Poisoner's Handbook

   Spells                             Type                      Level
   a - Sting                          Conjuration/Poison           1
   b - Poisonous Vapours              Poison/Air                   2
   c - Mephitic Cloud                 Conjuration/Poison/Air       3
   d - Olgreb's Toxic Radiance        Poison                       4
   e - Venom Bolt                     Conjuration/Poison           5
Comestibles
 f - 2 bread rations
 o - 5 meat rations
 r - 11 royal jellies


   Skills:
 + Level 7.9 Fighting
 + Level 18.8 Staves
 - Level 2.0 Throwing
 + Level 7.4 Armour
 + Level 7.6 Dodging
 + Level 6.3 Invocations
 + Level 2.7 Evocations


You had 11 spell levels left.
You didn't know any spells.

Dungeon Overview and Level Annotations

Branches:
Dungeon (11/15)            Temple (1/1) D:5            Lair (0/6) D:8
    Orc (0/2) D:9

Altars:
Ashenzari
Cheibriados
Dithmenos
Elyvilon
Kikubaaqudgha
Makhleb
Okawaru
Ru
Sif Muna
Trog
Uskayaw
Vehumet
Xom
Zin
The Shining One

Shops:
D:7 =   D:9 }   D:11 (

Annotations:
D:11 Snorg


Innate Abilities, Weirdness & Mutations

You reflexively headbutt those who attack you in melee.
You have a pair of horns on your head.
You have supernaturally acute eyesight. (SInv)
Armour fits poorly on your strangely shaped body.
Your magical capacity is low. (-10% MP)


Message History

This wand has 1 charge left.
Snorg bites you!
* * * LOW HITPOINT WARNING * * *
Snorg completely misses you. Snorg barely misses you.
Evoke which item? (* to show all) (? for menu, Esc to quit)
Aiming: Scattershot
Press: ? - help, Shift-Dir - straight line, f/p - Snorg
Aim: Snorg (heavily wounded, berserk, fast, unusually strong)
The burst of metal fragments hits Snorg.
The burst of metal fragments hits the yak.
The burst of metal fragments hits Snorg. x4
The burst of metal fragments hits the yak.
Snorg is almost dead.
The yak is almost dead.
This wand has 0 charges left.
Snorg closely misses you. You furiously retaliate!
You headbutt Snorg. You block Snorg's attack. Snorg closely misses you.
Snorg bites you.
* * * LOW HITPOINT WARNING * * *
Snorg claws you!
* * * LOW HITPOINT WARNING * * *
Snorg claws you!
You die...

######### #.......#
#####.......# #####
............# #....
#####.......# #.... #.......#
#.... #....>..###########
#.... #)......((YT@.....##
#....
#.......#########..######....
#.<..(..# ##...........
#.......# ########>...
#####.##### ####< #.....# #.
#.##### ## #.# ###'######
############ #####


You could see Snorg (berserk) and a yak.

Vanquished Creatures
  Gastronok (D:11)
  Josephine (D:11)
  Erolcha (D:11)
  A centaur warrior (D:11)
  4 two-headed ogres
  The ghost of ANON1729 the Destroyer, a novice TeCj of Vehumet (D:10)
  An unseen horror (D:10)
  Pikel (D:7)
  2 ugly things
  An elephant (D:8)
  2 gargoyles
  The ghost of Darkins the Slasher, a novice HuGl (D:4)
  3 trolls
  A queen bee (D:8)
  3 polar bears
  Prince Ribbit (D:5)
  A hornet (D:11)
  A dream sheep (D:9)
  4 hippogriffs
  A wyvern (D:10)
  6 yaks
  2 basilisks (D:8)
  5 wraiths (D:11)
  3 hungry ghosts
  A steam dragon (D:10)
  Menkaure (D:5)
  Edmund (D:5)
  A water moccasin (D:8)
  7 ice beasts
  2 slaves (D:7)
  4 orc warriors
  A phantom (D:7)
  A necrophage (D:8)
  4 black bears
  5 sky beasts
  6 ogres
  2 eyes of draining
  4 centaurs
  A crocodile (D:7)
  4 big kobolds
  The ghost of NoAnimeNoLife the Sneak, an amateur SpEn (D:3)
  4 bullfrogs
  4 scorpions
  25 killer bees
  3 vampire bats
  4 howler monkeys
  A centaur zombie (D:9)
  10 crimson imps
  10 hounds
  2 jellies (D:5)
  2 centaur skeletons
  3 orc priests
  Crazy Yiuf (D:7)
  An iguana (shapeshifter) (D:7)
  6 orc wizards
  3 iguanas
  10 worker ants
  A centaur simulacrum (D:9)
  3 hound skeletons
  A mummy (D:6)
  A howler monkey zombie (D:8)
  8 adders
  3 river rats (Sewer)
  5 shadow imps
  5 white imps (D:9)
  3 ufetubi (D:9)
  An ooze (D:4)
  An adder zombie (D:7)
  An adder skeleton (D:8)
  6 worms
  A dart slug (D:3)
  7 leopard geckos
  48 orcs
  2 bat skeletons (D:2)
  3 bat zombies (D:2)
  5 giant cockroaches
  2 goblins (D:1)
  5 hobgoblins
  9 jackals
  25 kobolds
  3 quokkas
  3 ball pythons
  21 bats
  7 frilled lizards
  A giant cockroach zombie (D:5)
  A leopard gecko skeleton (D:4)
  A quokka zombie (D:8)
  6 rats
372 creatures vanquished.

Vanquished Creatures (others)
  2 slaves (D:7)
  An orc wizard (D:6)
  An ufetubus (D:9)
  3 orcs (D:6)
  A fungus (D:8)
8 creatures vanquished.

Grand Total: 380 creatures vanquished

Notes
Turn   | Place    | Note
-------+----------+-------------------------------------------
     0 | D:1      | NoAnimeNoLife the Minotaur Gladiator began the quest for the Orb.
     0 | D:1      | Reached XP level 1. HP: 18/18 MP: 0/0
   105 | D:1      | Reached skill level 4 in Staves
   177 | D:1      | Reached XP level 2. HP: 25/25 MP: 1/1
   715 | D:1      | Reached skill level 5 in Staves
   818 | D:2      | Found a sacrificial altar of Ru.
   873 | D:2      | Found a bloodstained altar of Trog.
   873 | D:2      | Found a deep blue altar of Sif Muna.
   910 | D:2      | Reached XP level 3. HP: 23/30 MP: 2/2
  1334 | D:2      | Found an ancient bone altar of Kikubaaqudgha.
  1337 | D:2      | Reached skill level 6 in Staves
  1337 | D:2      | Reached XP level 4. HP: 37/37 MP: 3/3
  1414 | D:2      | Reached XP level 5. HP: 41/42 MP: 4/4
  1417 | D:2      | Reached skill level 7 in Staves
  1633 | D:3      | Found a radiant altar of Vehumet.
  1953 | D:3      | Noticed NoAnimeNoLife's ghost (amateur SpEn)
  1962 | D:3      | Killed NoAnimeNoLife's ghost
  1962 | D:3      | Reached skill level 8 in Staves
  2030 | D:3      | Reached XP level 6. HP: 33/50 MP: 5/5
  2397 | D:4      | Noticed Darkins's ghost (novice HuGl)
  2415 | D:4      | Killed Darkins's ghost
  2415 | D:4      | Reached skill level 9 in Staves
  2415 | D:4      | Reached XP level 7. HP: 25/56 MP: 6/6
  2432 | D:4      | Reached skill level 10 in Staves
  2436 | D:4      | Found a shadowy altar of Dithmenos.
  2745 | D:4      | Found a glowing silver altar of Zin.
  2942 | D:4      | Found a shattered altar of Ashenzari.
  3060 | D:5      | Entered Level 5 of the Dungeon
  3096 | D:5      | Reached skill level 11 in Staves
  3105 | D:5      | Noticed Prince Ribbit
  3128 | D:5      | Killed Prince Ribbit
  3128 | D:5      | Reached XP level 8. HP: 10/62 MP: 7/7
  3157 | D:5      | Noticed Edmund
  3162 | D:5      | Found a staircase to the Ecumenical Temple.
  3206 | Temple   | Entered the Ecumenical Temple
  3263 | Temple   | Became a worshipper of Warmaster Okawaru
  3455 | D:5      | Killed Edmund
  3455 | D:5      | Reached skill level 12 in Staves
  3465 | D:5      | Gained mutation: You are frail. (-10% HP) [potion of mutation]
  3465 | D:5      | Gained mutation: Your mind is acute. (Int +2) [potion of mutation]
  3507 | D:5      | Noticed Menkaure
  3515 | D:5      | Killed Menkaure
  3829 | D:5      | Reached skill level 13 in Staves
  3859 | D:5      | Reached * piety under Okawaru
  4331 | D:6      | Found a glowing drain.
  4357 | Sewer    | Entered a sewer
  4540 | Sewer    | Found a glowing silver altar of Zin.
  4691 | D:6      | Reached XP level 9. HP: 44/61 MP: 8/8
  4975 | D:6      | Found a glowing golden altar of the Shining One.
  5072 | D:6      | Found a snail-covered altar of Cheibriados.
  5243 | D:6      | Reached skill level 14 in Staves
  5297 | D:7      | Reached ** piety under Okawaru
  5526 | D:7      | Found Potiol's Jewellery Shop.
  5548 | D:7      | Reached skill level 15 in Staves
  5556 | D:7      | Noticed a dagger
  5558 | D:7      | Noticed a dagger
  5996 | D:7      | Found a hide-covered altar of Uskayaw.
  6161 | D:7      | Noticed Pikel
  6189 | D:7      | Killed Pikel
  6189 | D:7      | Reached *** piety under Okawaru
  6189 | D:7      | Reached skill level 16 in Staves
  6718 | D:7      | Found a runed door.
  6879 | D:7      | Noticed Crazy Yiuf
  6883 | D:7      | Killed Crazy Yiuf
  6938 | D:8      | Found a staircase to the Lair.
  6938 | D:8      | Noticed an elephant
  7000 | D:7      | Reached XP level 10. HP: 33/66 MP: 9/9
  7168 | D:8      | Noticed a two-headed ogre
  7179 | D:7      | HP: 3/66 [poisoned by a killer bee]
  7586 | D:8      | Killed a two-headed ogre
  7599 | D:8      | Reached skill level 17 in Staves
  7639 | D:8      | Reached **** piety under Okawaru
  8257 | D:8      | Reached skill level 1 in Armour
  8272 | D:8      | Reached skill level 1 in Invocations
  8300 | D:8      | Noticed a two-headed ogre
  8687 | D:8      | Killed a two-headed ogre
  8703 | D:8      | Noticed a brown ugly thing
  8709 | D:8      | Killed a brown ugly thing
  8709 | D:8      | Received a gift from Okawaru
  8709 | D:8      | Reached skill level 18 in Staves
  8743 | D:8      | Reached XP level 11. HP: 60/74 MP: 11/11
  8758 | D:8      | Reached ***** piety under Okawaru
  9118 | D:8      | Reached skill level 5 in Dodging
  9669 | D:9      | Got a twisted robe
  9680 | D:9      | Identified the +1 robe "Huenn" {rElec} (You found it on level 9 of the Dungeon)
  9832 | D:9      | Noticed Erica
  9844 | D:9      | Noticed Erica
  9844 | D:9      | Erica changed into Erica the dream sheep
  9849 | D:9      | Killed Erica the dream sheep
 10122 | D:9      | Reached skill level 5 in Fighting
 10549 | D:9      | Found Qusu's Gadget Shop.
 10607 | D:9      | Found a staircase to the Orcish Mines.
 10755 | D:9      | Noticed a two-headed ogre
 10763 | D:9      | Killed a two-headed ogre
 10790 | D:9      | Found a shimmering altar of Xom.
 10792 | D:9      | Found a shimmering altar of Xom.
 10792 | D:9      | Found a shimmering altar of Xom.
 10843 | D:9      | Found a burning altar of Makhleb.
 10967 | D:10     | Entered Level 10 of the Dungeon
 11080 | D:10     | Reached skill level 5 in Armour
 11105 | D:10     | Received a gift from Okawaru
 11270 | D:10     | Killed an unseen horror
 11526 | D:10     | Noticed a two-headed ogre
 11533 | D:10     | Killed a two-headed ogre
 11951 | D:10     | Noticed ANON1729's ghost (novice TeCj)
 11963 | D:10     | Killed ANON1729's ghost
 12163 | D:11     | Noticed a white ugly thing
 12173 | D:11     | Killed a white ugly thing
 12173 | D:11     | Reached XP level 12. HP: 64/87 MP: 14/14
 12418 | D:11     | Reached skill level 5 in Invocations
 12517 | D:11     | Noticed Gastronok
 12530 | D:11     | HP: 4/87 [Gastronok (23)]
 12908 | D:11     | Reached skill level 1 in Evocations
 13001 | D:11     | Found Diuqacy's Weapon Shoppe.
 13005 | D:11     | Noticed Erolcha
 13027 | D:11     | Killed Erolcha
 13053 | D:11     | Killed Gastronok
 13053 | D:11     | Received a gift from Okawaru
 13205 | D:11     | Reached ****** piety under Okawaru
 13210 | D:11     | Noticed Josephine
 13219 | D:11     | Killed Josephine
 13434 | D:11     | Noticed a centaur warrior
 13442 | D:11     | Killed a centaur warrior
 13451 | D:11     | Noticed Snorg
 13883 | D:11     | Lost mutation: You are frail. (-10% HP) [potion of mutation]
 13883 | D:11     | Lost mutation: Your mind is acute. (Int +2) [potion of mutation]
 13883 | D:11     | Gained mutation: Your magical capacity is low. (-10% MP) [potion of mutation]
 13883 | D:11     | Gained mutation: Armour fits poorly on your strangely shaped body. [potion of mutation]
 13883 | D:11     | Gained mutation: You have supernaturally acute eyesight. (SInv) [potion of mutation]
 14135 | D:11     | Slain by Snorg

Skill      XL: |  1  2  3  4  5  6  7  8  9 10 11 12 |
---------------+-------------------------------------+-----
Staves         | 4 5 6 8 9 11 13 16 18 | 18.8
Armour         | 2 6 7 |  7.4
Invocations    | 2 4 6 |  6.3
Dodging        | 4 6 7 |  7.6
Fighting       | 3 6 7 |  7.9
Evocations     | 2 |  2.7
Throwing       | |  2.0

Action                   |  1- 3 |  4- 6 |  7- 9 | 10-12 || total
-------------------------+-------+-------+-------+-------++-------
Melee: Quarterstaff      |   102 |   103 |   386 |   700 ||  1291
       Headbutt          |     8 |    24 |    73 |   137 ||   242
Invok: Heroism           |       |       |       |     3 ||     3
Evoke: Wand              |       |     3 |     2 |     3 ||     8
  Use: Scroll            |       |       |     9 |    12 ||    21
       Potion            |       |       |     2 |     8 ||    10
 Stab: Invisible         |       |       |       |     2 ||     2
       Petrifying        |       |       |       |     3 ||     3
       Paralysed         |       |       |       |     2 ||     2
       Confused          |       |       |       |     2 ||     2
  Eat: Chunk             |     1 |     3 |    14 |    16 ||    34
       Bread ration      |       |       |     2 |     1 ||     3
       Royal jelly       |       |       |       |     1 ||     1
Armor: Plate armour      |   109 |    67 |    39 |       ||   215
       Leather armour    |     5 |       |       |       ||     5
       Chain mail        |       |       |   102 |   314 ||   416
Dodge: Dodged            |    55 |    26 |    87 |   255 ||   423
Block: Other             |       |       |    10 |    73 ||    83
       Reflection        |       |       |     1 |     3 ||     4
